[Event "*** Titled Tuesday 3|2 Blitz"]
[Site "Chess.com"]
[Date "2015.04.07"]
[Round "9"]
[White "alturas_pacificas"]
[Black "petrpalachev"]
[Result "1/2-1/2"]
[WhiteElo "2138"]
[BlackElo "2397"]
[TimeControl "180+2"]
[EndTime "13:00:27 PDT"]
[Termination "Game drawn by agreement"]

1. d4 Nf6 2. Bf4 d5 3. e3 c5 4. c3 Qb6 5. Qb3 Nc6 6. Nd2 c4 7. Qc2 g6 8. e4 Nxe4 9. Nxe4 dxe4 10. Bxc4 Bg7 11. Qb3 Qxb3 12. Bxb3 e5 13. dxe5 Nxe5 14. Bxe5 Bxe5 15. Ne2 f5 16. O-O Ke7 17. Rfd1 Be6 18.
Bxe6 Kxe6 19. Nd4+ Ke7 20. h3 Rhd8 21. Nb3 b6 22.
Kf1 Rxd1+ 23. Rxd1 Ke6 24. Ke2 Rc8 25. Nd4+ Bxd4 26.
Rxd4 Rc7 27. Rd8 Ke5 28. Re8+ Kf6 29. Rd8 Ke5 30. Re8+ Kd5 31. Rd8+ Ke6 32. g3 Kf6 33. h4 h6 34. Rd6+ Kg7 35. Ke3 Re7 36. Rd8 g5 37. hxg5 hxg5 38. Rd6 Kf7 39. c4 Rc7 40. b3 Re7 41. b4 Rc7 42. Kd4 Re7 43. c5 bxc5+ 44. bxc5 f4 45. gxf4 gxf4 46. Rh6 Ke8 47. Rh1 Kd7 48.
Re1 e3 49. fxe3 fxe3 50. Rxe3 Rh7 51. Kc4 Rh1 52. Rd3+ Kc7 53. a4 a6 54. Kb4 Rb1+ 55.
Ka5 Kc6 56. Rc3 Rb8 57. Rc1 Rh8 58. Rc2 Rf8 59. Rc1 Rc8 60. Rc2 Rb8 61. Rc1 Ra8 62. Rc2 Rd8 63. Rc1 Rd4 64. Rc2 Re4 65. Rc1 Rf4 66. Rc2 Rg4 67. Rc1 Rh4 68. Rc2 Rh8 69. Rc1 Rh4 70. Rc3 Rh8 71. Rc2 Rh4 72. Ra2 Rh8 73.
Rc2 Re8 74. Rc1 Rf8 75. Rc2 Rg8 76. Rc1 Rb8 77. Rc2 Rc8 78. Rc1 Re8 79. Rc2 Re4 80.
Ra2 Re8 81. Rc2 Rd8 82. Kb4 Rd4+ 83. Rc4 a5+ 84. Kc3 Rd5 85. Kb3 Rd1 86. Rc2 Rb1+ 87. Ka3 Rb4 88. Rc3 Rd4 89. Rc2 Re4 90. Rc3 Rf4 91.
Rc2 Rf3+ 92. Ka2 Rf4 93. Ka3 Rf3+ 94. Ka2 Rf4 95. Ka3 Rf3+ 96. Ka2 Rf5 97. Ka3 Rxc5 98. Rxc5+ Kxc5 99. Kb3 Kd4 100. Ka3 Kc4 101. Ka2 Kb4 102. Ka1 Kxa4 103. Ka2 Kb4 104. Ka1 Ka3 105. Kb1 a4 106. Ka1 Kb3 107. Kb1 a3 108. Ka1 Kb4 109. Kb1 Ka4 110. Ka1 Kb3 111. Kb1 a2+ 1/2-1/2

[Event "*** Titled Tuesday 3|2 Blitz"]
[Site "Chess.com"]
[Date "2015.04.07"]
[Round "9"]
[White "GeorgMeier"]
[Black "Daniel_Fridman"]
[Result "1-0"]
[WhiteElo "2740"]
[BlackElo "2630"]
[TimeControl "180+2"]
[EndTime "13:01:17 PDT"]
[Termination "GeorgMeier won by resignation"]

1. Nf3 d5 2. g3 g6 3. Bg2 Bg7 4. d4 c5 5. c3 cxd4 6. cxd4 Nc6 7. O-O Nh6 8. Nc3 Nf5 9. e3 e6 10. b3 O-O 11. Qe2 b6 12. Rd1 Bb7 13. Ba3 Re8 14. Rac1 h5 15. h3 Rc8 16. Qd2 Nd6 17. Qe2 Qd7 18.
Ne1 Nf5 19. Nf3 Nd6 20. Bf1 Red8 21. Rc2 Ne4 22. Rdc1 Nd6 23. Qe1 Bf8 24. Be2 Bg7 25. Bf1 Bf8 26. Qd1 Bg7 27. Qe1 Bf6 28. Qd1 Kg7 29. Bg2 Ba6 30. Bf1 Bxf1 31. Qxf1 Be7 32. Kg2 Nf5 33. Bxe7 Nfxe7 34. a3 Na5 35. Nd2 Nf5 36.
Qa6 Nd6 37. a4 Nc6 38. Na2 Nb8 39. Qd3 Nc6 40. Qa6 Rc7 41. Qe2 Rdc8 42. Qd1 Nb7 43.
Rc3 Nd6 44. R1c2 Ne8 45. Qc1 Qd6 46. Qb2 Na5 47. b4 Nc4 48. Nxc4 Rxc4 49. Rxc4 Rxc4 50. Rxc4 dxc4 51. Nc3 Nc7 52. b5 Nd5 53. e4 Qb4 54. Qxb4 Nxb4 55. Kf3 Nc2 56. d5 Kf6 57. dxe6 fxe6 58.
Ke2 Ke5 59. Kd2 Nb4 60. Ke3 Nc2+ 61. Kd2 Nb4 62. f3 Kd4 63. Ne2+ Kc5 64. Nf4 e5 65.
Ne2 Na2 66. Nc3 Nb4 67. h4 Nd3 68. Ke3 Nb2 69. Kd2 Kb4 70. f4 exf4 71. gxf4 Nd3 72.
f5 gxf5 73. exf5 Ne5 74. f6 Kc5 75. Ne4+ Kd5 76. Ng5 Kd6 77. Kc3 Kd7 78. Kd4 Kd6 79. f7 Ng6 80. Kxc4 Ke7 81. Kd5 Nxh4 82. Kc6 Ng6 83. Kb7 Kf6 84. Nh3 Kxf7 85. Kxa7 Ke7 86. Kxb6 Ne5 87. Kc7 Nd3 88. a5 Nb4 89. a6 Nd5+ 90.
Kb7 Kd6 91. a7 Nc7 92. b6 1-0